Unix NetHack Version 5.0.0-0 post-release - last build Jun 10 2026 00:39:30 (3ee93aec679c4c4259841fe613dc97188e26a321,branch:main).

Game began 2026-06-27 20:00:28, ended 2026-06-27 20:13:34.

Felix1, neutral male gnomish Archeologist

                              ---------                               -------
                  --------    |........#             -----#########   +.....|
                  |......|    |.......|##            |...|#           |.....|
      -----       |......|    |.......| #            ....|# ##########......|
      |%[.|       |......|    |.......| #            |...-###         |.....|
      |((.|  ####m@......|    |.......| #            |..<|#           -------
      |*?.-(##    |......|    -----|--- #            ---.-#
      |%..|       |......|         #    #               # `
      |!?.|       ---.--.-         #    ####            #
      -----          #  ##      ####       ###         ##
                         #      #            #    #######
                         #      #            #----|-----+-----
                         ####   #            #...............|
                            #   #             |........}.}.}.|
                     -------.---.---          |.........(...>|
                     |...(.........-####      |..........}.}.|
                     |.............|          ----------------
                     |.............|
                     -------------|-
                                  #
Felix1 the Field Worker    St:17 Dx:10 Co:16 In:13 Wi:17 Ch:7  Neutral
Dlvl:3  $:38 HP:0(19) Pw:19(19) AC:9  Xp:3 T:1301 

Latest messages:
 You already found a monster.  Use 'm' prefix to force another search.
 You already found a monster.  Use 'm' prefix to force another search.
 You already found a monster.  Use 'm' prefix to force another search.
 You already found a monster.  Use 'm' prefix to force another search.
 You already found a monster.  Use 'm' prefix to force another search.
 You already found a monster.  Use 'm' prefix to force another search.
 You already found a monster.  Use 'm' prefix to force another search.
 You already found a monster.  Use 'm' prefix to force another search.
 You already found a monster.  Use 'm' prefix to force another search.
 You miss the gecko.
 The gecko bites!
 You lash the gecko.
 The gecko bites!
 You miss the gecko.
 You kill the gecko!
 There is a doorway here.
 You see here a gecko corpse.
 There is a gecko corpse here; eat it? [ynq] (n) y
 Blecch!  Rotten food!
 The door resists!
 The door opens.
 "Hello, Felix1!  Welcome to Adjama's general store!"
 "Will you please leave your pick-axe outside?"
 You drop a +0 pick-axe.
 "Hello, Felix1!  Welcome again to Adjama's general store!"
 You see here a scroll labeled EIRIS SAZUN IDISI (for sale, 150 zorkmids).
 You see here a lock pick (for sale, 30 zorkmids).
 You see here a whistle (for sale, 15 zorkmids).
 You see here a lock pick (for sale, 30 zorkmids).
 You see here a scroll labeled EIRIS SAZUN IDISI (for sale, 150 zorkmids).
 Those gold pieces are a small mimic!
 You lash the small mimic.
 The small mimic hits!
 You see here a lock pick (for sale, 30 zorkmids).
 The small mimic hits!
 You see here a +0 pick-axe.
 That boulder is a small mimic!
 The small mimic hits!
 What do you want to drink? [jn or ?*] <esc>
 Never mind.
 What do you want to throw? [$ or ?*] q
 In what direction? 4
 The worthless piece of violet glass misses.
 What do you want to throw? [$ or ?*] q
 In what direction? 4
 The worthless piece of violet glass misses.
 You lash the small mimic.
 The small mimic hits!
 You die...
 Do you want your possessions identified? [ynq] (y) q

Inventory:
 Coins    ('$')
  $ - 38 gold pieces
 Weapons  (')')
  a - a +2 bullwhip (weapon in right hand)
 Armor    ('[')
  c - an uncursed +0 fedora (being worn)
  b - an uncursed +0 leather jacket (being worn)
 Comestibles  ('%')
  d - 4 uncursed food rations
 Scrolls  ('?')
  r - a blessed scroll of light
 Spellbooks  ('+')
  p - an uncursed spellbook of magic mapping
 Potions  ('!')
  n - a blessed potion of invisibility
  j - an uncursed potion of paralysis
 Tools    ('(')
  h - an empty uncursed sack
  i - an uncursed oil lamp
  f - a tinning kit (0:99)
 Gems/Stones  ('*')
  g - an uncursed touchstone

Felix1 the Archeologist's attributes:

Background:
 You were a Field Worker, a level 3 male gnomish Archeologist.
 You were neutral, nominally on a mission for Camaxtli
 who was opposed by Quetzalcoatl (lawful) and Huhetotl (chaotic).
 You were right-handed.
 You were in the Dungeons of Doom, on level 3.
 You entered the dungeon 1301 turns ago.
 You had 75 experience points, 5 more were needed to attain level 4.

Basics:
 You had 0 out of 19 hit points.
 You had all 19 energy points (spell power).
 Your armor class was 9.
 Your wallet contained 38 zorkmids.
 Autopickup was off.

Final Characteristics:
 Your strength was 17 (limit:18/50).
 Your dexterity was 10 (limit:18).
 Your constitution was 16 (limit:18).
 Your intelligence was 13 (limit:19).
 Your wisdom was 17 (limit:18).
 Your charisma was 7 (limit:18).

Final Status:
 You weren't hungry.
 You were unencumbered.
 You were wielding a whip.
 You had basic skill with whip.

Final Attributes:
 You had transgressed.
 You saw invisible.
 You had automatic searching.
 You had infravision.
 You were lucky.
 You are dead.

Miscellaneous:
 You didn't encounter any bones levels.
 Total elapsed playing time was 13 minutes and 4 seconds.

Major events:
 Turn
    1: Felix1 the neutral male gnomish Archeologist entered the dungeon
  671: attained the rank of Field Worker (level 3)
  787: entered the Gnomish Mines
 1301: killed by a small mimic

You didn't know any spells.

Skills:
 Fighting Skills
   bare handed combat [Unskilled]
   two weapon combat  [Unskilled]
   riding             [Unskilled]
 Weapon Skills
   dagger             [Unskilled]
   knife              [Unskilled]
   pick-axe           [Basic]
   short sword        [Unskilled]
   saber              [Unskilled]
   club               [Unskilled]
   quarterstaff       [Unskilled]
   sling              [Unskilled]
   dart               [Unskilled]
   boomerang          [Unskilled]
   whip               [Basic]
   unicorn horn       [Unskilled]
 Spellcasting Skills
   attack spells      [Unskilled]
   healing spells     [Unskilled]
   divination spells  [Unskilled]
   matter spells      [Unskilled]

Voluntary challenges:
 Character rerolling was not enabled.
 You were an atheist.
 You never genocided any monsters.
 You never polymorphed an object.
 You never changed form.
 You used no wishes.
Achievements:
 You entered a shop.
 You attained the rank of Field Worker.
 You entered the Gnomish Mines.

 The Dungeons of Doom: levels 1 to 3
    Level 1:
    Level 2:
       A food shop.
       Stairs down to The Gnomish Mines.
    Level 3: <- You were here.
       A general store.
       Final resting place for
          you, killed by a small mimic.
 The Gnomish Mines:
    Level 3:


Vanquished creatures:
  a kitten
 an iguana
  a large kobold
  2 giant rats
  a gnome
  a gnome zombie
  2 geckos
  2 jackals
  3 foxes
  2 kobolds
  2 goblins
  a grid bug
  a lichen
  a kobold zombie
  3 newts
24 creatures vanquished.

No species were genocided or became extinct.

Game over:
                       ----------
                      /          \
                     /    REST    \
                    /      IN      \
                   /     PEACE      \
                  /                  \
                  |      Felix1      |
                  |      38 Au       |
                  |   killed by a    |
                  |   small mimic    |
                  |                  |
                  |                  |
                  |       2026       |
                 *|     *  *  *      | *
        _________)/\\_//(\/(/\)/\//\/|_)_______

Goodbye Felix1 the Archeologist...

You died in The Dungeons of Doom on dungeon level 3 with 435 points,
and 38 pieces of gold, after 1301 moves.
You were level 3 with a maximum of 19 hit points when you died.

